 Dungeon Crawl Stone Soup version 0.31-a0-1540-g5a0b83f448 (webtiles) character file.

Game seed: 7334860211764671277

84020 bobo the Warrior (level 15, -14/183 HPs)
             Began as an Oni Gladiator on Jan 2, 2024.
             Was an Elder of Uskayaw.
             Killed from afar by Ilsuiw (64 damage)
             ... with a shard of ice
             ... on level 2 of the Shoals.
             The game lasted 01:12:25 (23333 turns).

bobo the Warrior (Oni Gladiator)                   Turns: 23333, Time: 01:12:26

Health: -14/183    AC: 15    Str: 28    XL:     15   Next: 79%
Magic:  23/23      EV: 16    Int:  9    God:    Uskayaw [****..]
Gold:   2087       SH:  0    Dex: 10    Spells: 22/24 levels left

rFire   . . .        r - +4 giant spiked club (elec)
rCold   . . .        (shield currently unavailable)
rNeg    . . .        P - +3 steam dragon scales
rPois   .            c - +0 hat
rElec   .            B - +0 cloak
rCorr   .            (gloves unavailable)
SInv    .            (boots unavailable)
Will    .....        W - amulet of regeneration
Stlth   +            l - +4 ring of protection
HPRegen 1.30/turn    V - +5 ring of evasion
MPRegen 0.18/turn

%: no passive effects
@: weak-willed
A: large, unfitting armour, horns 1, tough skin 1, double potion healing,
drunken brawling
a: Renounce Religion, Stomp, Line Pass


You were on level 2 of the Shoals.
You worshipped Uskayaw.
Uskayaw was aware of your devotion.
You visited 5 branches of the dungeon, and saw 23 of its levels.
You also visited: Ossuary and Volcano.

You collected 4259 gold pieces.
You spent 2172 gold pieces at shops.

Inventory:

Hand Weapons
 o - the +6 hand axe of Intuition {speed, rElec rC+}
   (You found it on level 5 of the Dungeon)

   rC+:       It protects you from cold.
   rElec:     It insulates you from electricity.
 r - a +4 giant spiked club of electrocution (weapon)
 y - a +1 dire flail of draining
 I - a +1 dire flail of flaming
Missiles
 e - 12 large rocks
 j - 11 boomerangs (quivered)
 u - 31 poisoned darts
 T - a throwing net
 Y - 2 atropa-tipped darts
Armour
 c - a +0 hat (worn)
 B - a +0 cloak (worn)
 M - a +0 troll leather armour
 P - +3 steam dragon scales (worn)
Jewellery
 a - a ring of flight
 f - an amulet of reflection
 l - a +4 ring of protection (left hand)
 n - a ring of resist corrosion
 G - a +6 ring of strength
 K - a ring of protection from cold
 Q - a ring of see invisible
 V - a +5 ring of evasion (right hand)
 W - an amulet of regeneration (around neck)
Talismans
 i - a dragon-blood talisman
 R - a storm talisman
Wands
 b - a wand of quicksilver (7)
 m - a wand of charming (5)
 x - a wand of flame (34)
 z - a wand of iceblast (19)
 N - a wand of polymorph (7)
Scrolls
 h - 4 scrolls of immolation
 k - 3 scrolls of fear
 p - a scroll of blinking
 q - 4 scrolls of fog
 s - 3 scrolls of teleportation
 C - 2 scrolls of amnesia
 D - a scroll of revelation
 F - a scroll of torment
Potions
 g - 7 potions of haste
 v - a potion of berserk rage
 w - 4 potions of mutation
 A - 6 potions of heal wounds
 E - 2 potions of attraction
 H - 4 potions of might
 J - 4 potions of lignification
 L - 2 potions of resistance
 O - 2 potions of brilliance
 S - a potion of cancellation
 U - 4 potions of curing
 X - a potion of enlightenment
Miscellaneous
 d - a tin of tremorstones (inert)


   Skills:
 * Level 19.6 Fighting
 * Level 15.6 Maces & Flails
 - Level 9.3 Throwing
 - Level 6.8 Armour
 - Level 4.9 Dodging
 - Level 5.0 Spellcasting
 - Level 5.0 Translocations
 + Level 11.4 Invocations
 + Level 2.1 Evocations


You had 22 spell levels left.
You knew the following spells:

 Your Spells              Type           Power      Damage    Failure   Level
Z - Blink                 Tloc           22%        N/A       4%          2

Your spell library contained the following spells:

 Spells                   Type           Power      Damage    Failure   Level
 Apportation              Tloc           22%        N/A       3%          1
 Lesser Beckoning         Tloc           22%        N/A       4%          2
 Gell's Gravitas          Tloc           11%        N/A       9%          3
 Teleport Other           Tloc           11%        N/A       9%          3
 Momentum Strike          Conj/Tloc      12%        3d8       13%         2
 Magic Dart               Conj           8%         1d3       24%         1
 Necrotise                Necr           8%         1d4       24%         1
 Sting                    Conj/Alch      8%         1d3       24%         1
 Summon Small Mammal      Summ           8%         N/A       24%         1
 Volatile Blastmotes      Fire/Tloc      12%        2d11      26%         3
 Static Discharge         Conj/Air       4%         3-4/arc   36%         2
 Call Canine Familiar     Summ           2%         N/A       58%         3
 Dazzling Flash           Conj/Hex       4%         N/A       58%         3
 Mephitic Cloud           Conj/Alch/Air  2%         N/A       58%         3
 Tukima's Dance           Hex            2%         N/A       58%         3
 Dimensional Bullseye     Hex/Tloc       3%         N/A       65%         4
 Iskenderun's Mystic Bla  Conj/Tloc      6%         2d4       65%         4
 Animate Armour           Summ/Erth      4%         N/A       94%         4
 Fulminant Prism          Conj/Alch      1%         3d5       94%         4
 Olgreb's Toxic Radiance  Alch           2%         N/A       94%         4
 Summon Blazeheart Golem  Fire/Summ      2%         N/A       94%         4
 Summon Lightning Spire   Summ/Air       2%         N/A       94%         4
 Curse of Agony           Necr           2%         N/A       100%        5
 Lee's Rapid Deconstruct  Erth           1%         3d4*      100%        5
 Silence                  Hex/Air        1%         N/A       100%        5
 Ozocubu's Refrigeration  Ice            1%         4d7       100%        7
 Discord                  Hex            1%         N/A       100%        8


Dungeon Overview and Level Annotations

Branches:
Dungeon (13/15)            Temple (1/1) D:6            Lair (5/5) D:9
 Shoals (2/4) Lair:3        Snake (0/4) Lair:3        Slime (0/5) Lair:5
    Orc (2/2) D:9             Elf (0/3) Orc:2        Vaults (0/5) D:13
Ossuary (visited)         Volcano (visited)

Altars:
Ashenzari
Cheibriados
Dithmenos
Elyvilon
Fedhas
Gozag
Hepliaklqana
Kikubaaqudgha
Makhleb
Nemelex Xobeh
Okawaru
Qazlal
Ru
Sif Muna
Trog
Uskayaw
Vehumet
Xom
Yredelemnul
Zin
The Shining One
Jiyva

Shops:
D:4 !   D:10 !?((=   Orc:2 :*?

Portals:
Trove: D:11 (give +6 demon blade)

Annotations:
D:5 3 runed translucent doors, wally255's ghost, amateur NaHu
Lair:2 exclusion: 2 oklob plants
Lair:3 2 transporters
Lair:4 3 runed translucent doors, bjtr's ghost, adept VSEE
Shoals:2 Ilsuiw


Innate Abilities, Weirdness & Mutations

You are too large for most types of armour.
You have a pair of small horns on your head.
You have tough skin. (AC +1)
You gain doubled healing and magic from potions.
Whenever you drink a healing potion, you attack all around you.


Message History

The sling bullet hits you but does no damage.
The merfolk siren chants its luring song.
Things that are here:
a +0 trident; a merfolk corpse You puncture the merfolk siren!
The merfolk siren is heavily wounded.
The merfolk javelineer throws a javelin.
The javelin pierces through you but does no damage.
The faun shoots a sling bullet.
The sling bullet hits you.
The merfolk siren chants its luring song.
You impale the merfolk siren!!
Lightning courses through the merfolk siren!!
You are no longer entranced.
You kill the merfolk siren!
The faun no longer looks unusually strong.
The merfolk javelineer throws a javelin.
The javelin pierces through you!
A merfolk siren comes into view. It is wielding a +0 trident.
The faun unwields a +0 quarterstaff.
The faun wields a +3 sling.
The faun shoots a sling bullet.
The sling bullet hits you but does no damage.
The faun shoots a sling bullet.
The sling bullet hits you!
Uskayaw will force your foes to share their pain.
Uskayaw links your audience in an emotional bond!
The faun no longer looks unusually strong.
The faun shoots a sling bullet.
The sling bullet closely misses you.
The faun shoots a sling bullet.
The sling bullet hits you!
The faun shoots a sling bullet.
The sling bullet misses you.
The faun gestures at you while chanting.
You resist with significant effort.
You see here 7 stones.
The faun shoots a sling bullet.
The sling bullet closely misses you.
Ilsuiw, Witch of the Tides comes into view.
She is wielding a +3 trident of freezing.
There is a stone staircase leading up here.
The merfolk javelineer throws a javelin.
The javelin pierces through you!
* * * LOW HITPOINT WARNING * * *
Ilsuiw gestures at you while chanting. The shard of ice hits you!!!
You die...

#........##
#....~...##
#..~≈~...#
#......#
###m..##
#.)m~..#
##..#...>#
##.(###m.....
#..@# .m>...
#..### .^###.
##. .# ## ..
..


You could see Ilsuiw and a merfolk javelineer (pain bonded).

Vanquished Creatures
  Snorg (D:10)
  Erolcha (D:11)
  Harold (D:9)
  A hydra (Lair:4)
  4 boulder beetles
  A death knight (D:13)
  A merfolk avatar (Shoals:1)
  A catoblepas (Lair:5)
  5 two-headed ogres
  A deep troll shaman (Lair:5)
  A satyr (Shoals:2)
  2 tengu warriors (D:12)
  4 death yaks (Lair:5)
  An orc high priest (Orc:1)
  7 skysharks
  3 skeletal warriors (Volcano)
  A sea snake (Shoals:1)
  A lindwurm (Lair:5)
  5 orc knights (Orc:2)
  Pikel (D:5)
  2 anaconda skeletons (Volcano)
  6 manticores
  An orc sorcerer (Orc:1)
  2 alligator skeletons (Volcano)
  8 fauns
  5 kobold blastminers (Orc:2)
  3 cyclopes
  2 merfolk sirens
  4 black mambas
  21 elephants
  11 cane toads
  4 gargoyles
  A tengu conjurer (D:13)
  2 kobold demonologists
  2 unseen horrors (D:12)
  6 komodo dragons
  3 rime drakes
  5 merfolk
  3 red devils (Orc:2)
  2 guardian mummies (D:11)
  6 trolls
  3 polar bears
  10 blink frogs
  A hornet (D:6)
  2 snapping turtles
  2 dream sheep (Shoals:1)
  A shadow (D:11)
  3 slime creatures (D:13)
  49 yaks
  4 basilisks
  6 wyverns
  3 wraiths
  A warg (Orc:1)
  4 vampire mosquitoes (D:12)
  5 steam dragons
  Menkaure (D:7)
  2 acid dragons
  19 water moccasins
  A naga (Lair:3)
  Duvessa (D:5)
  An ice beast (D:8)
  2 black bears
  A laughing skull (Volcano)
  30 orc warriors
  26 wolves
  12 ogres
  15 centaurs
  3 elf zombies (Ossuary)
  A kobold brigand (D:9)
  A weeping skull (Volcano)
  20 bullfrogs
  14 wights
  Dowan (D:5)
  2 jellies
  10 killer bees (D:10)
  5 electric eels
  A troll skeleton (Volcano)
  A spriggan skeleton (Volcano)
  6 howler monkeys
  A bombardier beetle (D:5)
  2 centaur zombies (Ossuary)
  2 human zombies (Ossuary)
  8 hounds
  8 orc priests
  A sleepcap (D:8)
  3 iguanas
  16 orc wizards
  14 hell rats
  2 crocodile zombies (Ossuary)
  A bullfrog simulacrum (Ossuary)
  2 spectral hounds (Ossuary)
  3 mummies (Ossuary)
  Robin (D:3)
  8 adders
  7 gnolls
  A hound simulacrum (Ossuary)
  A shadow imp (D:5)
  2 ufetubi (D:5)
  2 spectral adders (Ossuary)
  2 spectral gnolls (Ossuary)
  2 adder simulacra (Ossuary)
  2 dart slugs
  2 ribbon worms (D:2)
  57 orcs
  8 ball pythons
  7 endoplasms
  8 giant cockroaches
  7 gnoll zombies (Ossuary)
  16 goblins
  9 hobgoblins
  14 jackals
  4 quokkas
  3 bats
  3 frilled lizards (D:2)
  4 gnoll simulacra (Ossuary)
  4 jackal simulacra (Ossuary)
  13 kobolds
  3 kobold zombies (Ossuary)
  6 orc zombies (Ossuary)
  2 rats
  3 spectral jackals (Ossuary)
676 creatures vanquished.

Vanquished Creatures (others)
  An orc warrior (Orc:2)
  A killer bee (D:10)
  An orc wizard (Orc:2)
  An orc (Orc:2)
4 creatures vanquished.

Grand Total: 680 creatures vanquished

Notes
Turn   | Place    | Note
-------+----------+-------------------------------------------
     0 | D:1      | bobo the Oni Gladiator began the quest for the Orb.
     0 | D:1      | Reached XP level 1. HP: 22/22 MP: 1/1
    49 | D:1      | Reached skill level 3 in Fighting
    49 | D:1      | Reached XP level 2. HP: 22/31 MP: 2/2
   278 | D:1      | Reached XP level 3. HP: 30/37 MP: 3/3
   451 | D:1      | Found a faded altar of an unknown god.
  1151 | D:2      | Reached XP level 4. HP: 48/48 MP: 4/4
  1462 | D:3      | Noticed Robin
  1470 | D:3      | Reached skill level 4 in Fighting
  1494 | D:3      | Killed Robin
  1598 | D:3      | Reached XP level 5. HP: 53/54 MP: 5/5
  1622 | D:3      | Noticed an ogre
  1631 | D:3      | Killed an ogre
  2363 | D:4      | Reached skill level 5 in Fighting
  2363 | D:4      | Reached XP level 6. HP: 66/66 MP: 6/6
  2476 | D:4      | Found a radiant altar of Vehumet.
  2802 | D:4      | Found Oreileb's Distillery.
  2806 | D:4      | Bought a potion of degeneration for 13 gold pieces
  2806 | D:4      | Bought a potion of curing for 39 gold pieces
  2947 | D:4      | Found a burning altar of Makhleb.
  3633 | D:5      | Entered Level 5 of the Dungeon
  3651 | D:5      | Found a white marble altar of Elyvilon.
  3674 | D:5      | Noticed Duvessa
  3675 | D:5      | Identified the +6 hand axe of Intuition {speed, rElec rC+}
  3677 | D:5      | Noticed Dowan
  3683 | D:5      | Killed Duvessa
  3684 | D:5      | Reached skill level 6 in Fighting
  3684 | D:5      | Reached skill level 5 in Maces & Flails
  3684 | D:5      | Reached XP level 7. HP: 75/75 MP: 7/7
  3692 | D:5      | Killed Dowan
  3698 | D:5      | Found an opulent altar of Gozag.
  3723 | D:5      | Found a blossoming altar of Fedhas.
  3786 | D:5      | Noticed Pikel
  3796 | D:5      | Killed Pikel
  3797 | D:5      | Reached skill level 7 in Fighting
  3797 | D:5      | Reached XP level 8. HP: 64/87 MP: 8/8
  4355 | D:5      | Reached skill level 8 in Fighting
  4549 | D:5      | Identified the +5 mace "Weke" {antimagic, rPois Str+5
                  | Int+3}
  4576 | D:5      | Found a runed translucent gate.
  4578 | D:5      | Found a runed translucent gate.
  4578 | D:5      | Noticed wally255's ghost (amateur NaHu)
  4579 | D:5      | Found a runed translucent gate.
  4775 | D:6      | Noticed a hornet
  4793 | D:6      | Killed a hornet
  4849 | D:6      | Found a sand-covered staircase.
  4854 | Ossuary  | Entered an ossuary
  5023 | Ossuary  | Reached XP level 9. HP: 87/97 MP: 9/9
  5067 | Ossuary  | Reached skill level 5 in Throwing
  5078 | Ossuary  | Reached skill level 9 in Fighting
  5106 | Ossuary  | Reached skill level 1 in Armour
  5495 | D:6      | Found a staircase to the Ecumenical Temple.
  5504 | Temple   | Entered the Ecumenical Temple
  5513 | Temple   | Became a worshipper of Uskayaw the Reveller
  5564 | D:6      | Reached * piety under Uskayaw
  5569 | D:6      | Reached ** piety under Uskayaw
  5577 | D:6      | Reached *** piety under Uskayaw
  5580 | D:6      | Reached **** piety under Uskayaw
  5585 | D:6      | Reached ***** piety under Uskayaw
  5593 | D:6      | Reached ****** piety under Uskayaw
  5596 | D:6      | Reached skill level 10 in Fighting
  5799 | D:6      | Found a sacrificial altar of Ru.
  6264 | D:7      | Reached skill level 1 in Invocations
  6293 | D:7      | Noticed Menkaure
  6307 | D:7      | Killed Menkaure
  6308 | D:7      | Reached XP level 10. HP: 49/111 MP: 11/11
  6865 | D:7      | You fall into a shaft and drop 1 floor!
  6894 | D:8      | Reached skill level 11 in Fighting
  7871 | D:9      | Noticed Harold
  7910 | D:9      | Noticed a two-headed ogre
  7919 | D:9      | Killed a two-headed ogre
  7960 | D:9      | Reached skill level 12 in Fighting
  8011 | D:9      | Found a staircase to the Orcish Mines.
  8085 | D:9      | Noticed a kobold demonologist
  8090 | D:9      | Killed a kobold demonologist
  8095 | D:9      | Reached XP level 11. HP: 73/123 MP: 14/14
  8347 | D:9      | Found a staircase to the Lair.
  8806 | Lair:1   | Entered Level 1 of the Lair of Beasts
  9002 | Lair:1   | Reached skill level 10 in Maces & Flails
  9313 | Lair:1   | Got the Folio of Violence
  9329 | Lair:1   | Noticed a boulder beetle
  9344 | Lair:1   | Killed a boulder beetle
  9345 | Lair:1   | Reached skill level 5 in Invocations
  9468 | Lair:1   | Noticed a boulder beetle
  9481 | Lair:1   | Reached skill level 13 in Fighting
  9491 | Lair:1   | Killed a boulder beetle
  9578 | Lair:1   | Reached skill level 5 in Armour
 10204 | Lair:2   | Found a blossoming altar of Fedhas.
 10206 | Lair:2   | Noticed an oklob plant
 10207 | Lair:2   | Noticed an oklob plant
 10663 | Lair:2   | Learned a level 2 spell: Blink
 10717 | Lair:2   | Reached XP level 12. HP: 95/137 MP: 16/16
 10723 | Lair:2   | Reached skill level 14 in Fighting
 12250 | Lair:3   | Reached skill level 15 in Fighting
 12488 | Lair:3   | Found a transporter.
 12497 | Lair:3   | Found a transporter.
 12689 | Lair:3   | Found a staircase to the Snake Pit.
 12783 | Lair:3   | Found a staircase to the Shoals.
 12933 | Lair:3   | Noticed a boulder beetle
 12936 | Lair:3   | Noticed a boulder beetle
 13206 | Orc:1    | Entered Level 1 of the Orcish Mines
 13239 | Orc:1    | Found a dark tunnel.
 13248 | Volcano  | Entered a volcano
 13340 | Volcano  | Reached XP level 13. HP: 81/150 MP: 18/18
 14259 | Orc:1    | Reached skill level 1 in Translocations
 14823 | Orc:2    | Entered Level 2 of the Orcish Mines
 14835 | Orc:2    | Reached skill level 16 in Fighting
 15683 | Orc:1    | Found a radiant altar of Vehumet.
 15945 | Orc:2    | Found a staircase to the Elven Halls.
 16333 | Orc:2    | Found Vibuixiu's General Store.
 16335 | Orc:2    | Found Maow's Magic Scroll Boutique.
 16337 | Orc:2    | Found Estujuihesh's Book Shoppe.
 16341 | Orc:2    | Bought a potion of haste for 160 gold pieces
 16348 | Orc:2    | Bought a scroll of identify for 28 gold pieces
 16348 | Orc:2    | Bought 3 scrolls of enchant weapon for 315 gold pieces
 16348 | Orc:2    | Bought a scroll of identify for 28 gold pieces
 16348 | Orc:2    | Bought a scroll of brand weapon for 133 gold pieces
 16513 | Lair:4   | Reached skill level 17 in Fighting
 16523 | Lair:4   | Reached XP level 14. HP: 148/166 MP: 20/20
 16591 | Lair:4   | Reached skill level 1 in Spellcasting
 16874 | Lair:4   | Found a runed translucent gate.
 16874 | Lair:4   | Found a runed translucent gate.
 16874 | Lair:4   | Found a runed translucent gate.
 16874 | Lair:4   | Noticed an acid blob
 16874 | Lair:4   | Noticed an azure jelly
 16874 | Lair:4   | Noticed an acid blob
 16875 | Lair:4   | Noticed an azure jelly
 17253 | Lair:4   | Noticed an azure jelly
 17860 | Lair:4   | Noticed an azure jelly
 17861 | Lair:4   | Noticed an acid blob
 17862 | Lair:4   | Noticed an acid blob
 17862 | Lair:4   | Noticed bjtr's ghost (adept VSEE)
 17863 | Lair:4   | Noticed a rockslime
 17865 | Lair:4   | Found a viscous altar of Jiyva.
 17968 | Lair:5   | Entered Level 5 of the Lair of Beasts
 18866 | Lair:5   | Found a viscous altar of Jiyva.
 18867 | Lair:5   | Found a staircase to the Slime Pits.
 18909 | Lair:5   | Reached skill level 10 in Invocations
 19015 | Lair:5   | Reached skill level 18 in Fighting
 19838 | D:9      | Killed Harold
 19846 | D:10     | Entered Level 10 of the Dungeon
 19846 | D:10     | Found Iffej's Magic Scroll Shoppe.
 20094 | D:10     | Found Umnupt's Antique Weapon Shoppe.
 20228 | D:10     | Found Nimu's Jewellery Emporium.
 20236 | D:10     | Bought a +5 ring of evasion for 468 gold pieces
 20236 | D:10     | Bought an amulet of regeneration for 390 gold pieces
 20300 | D:10     | Noticed Snorg
 20305 | D:10     | Reached skill level 5 in Translocations
 20307 | D:10     | Reached XP level 15. HP: 178/178 MP: 22/22
 20312 | D:10     | Killed Snorg
 20326 | D:10     | Found Hot Pay's Antique Weapon Boutique.
 20466 | D:10     | Found Ruettoi's Distillery.
 20467 | D:10     | Identified 2 scrolls of acquirement
 20469 | D:10     | Acquired 1233 gold pieces
 20471 | D:10     | Acquired 1039 gold pieces
 20486 | D:10     | Bought a potion of curing for 39 gold pieces
 20486 | D:10     | Bought a potion of curing for 39 gold pieces
 20486 | D:10     | Bought a potion of heal wounds for 65 gold pieces
 20486 | D:10     | Bought a potion of heal wounds for 65 gold pieces
 20486 | D:10     | Bought a potion of haste for 130 gold pieces
 20486 | D:10     | Bought a potion of heal wounds for 65 gold pieces
 20486 | D:10     | Bought a potion of haste for 130 gold pieces
 20486 | D:10     | Bought a potion of enlightenment for 65 gold pieces
 20777 | D:11     | Noticed Erolcha
 20783 | D:11     | Killed Erolcha
 20930 | D:11     | Reached skill level 5 in Spellcasting
 21197 | D:11     | Found a portal to a secret trove of treasure.
 21502 | D:12     | Reached skill level 15 in Maces & Flails
 21679 | D:12     | Reached skill level 19 in Fighting
 22259 | D:13     | Found a gate to the Vaults.
 22425 | Shoals:1 | Entered Level 1 of the Shoals
 22433 | Shoals:1 | Reached skill level 1 in Evocations
 23332 | Shoals:2 | Noticed Ilsuiw
 23333 | Shoals:2 | Killed from afar by Ilsuiw

Illustrated notes

Levels and vault maps discovered:
D:1:      lemuel_arrival_tunnels, layout_rooms,
          hellmonk_ecumenical_altar_inner_sanctum
D:2:      layout_basic, kennysheep_small_spiral
D:3:      layout_basic, uniq_robin
D:4:      minmay_chambers_of_twos, layout_loops_corners, vehumet_altar_wand_db,
          mainiacjoe_overflow_paths, serial_shops, shop
D:5:      nicolae_cairo_tiling_very_big, layout_gridville,
          nicolae_overflow_hidden_temple, biasface_ghost_orc_armoury,
          chequers_decorated_corner, uniq_duvessa, uniq_pikel
D:6:      layout_basic, nicolae_overflow_crystal_walls,
          minmay_temple_entry_crystal_x, enter_ossuary_2
D:7:      layout_loops_cross, uniq_menkaure
D:8:      layout_rooms, minmay_misc_feat_diagonals
D:9:      layout_cave_pools, dpeg_oklobed_lair, kennysheep_doodads,
          lightli_orcish_oven, uniq_harold
D:10:     layout_basic, serial_shops, nicolae_shop_just_a_little_nook, shop,
          shop, shop, nicolae_shop_gibbet_a_chance, uniq_snorg
D:11:     layout_rooms, nicolae_trove_entry_path_of_doom, nicolae_water_bricks,
          uniq_erolcha
D:12:     layout_cave_pools, minivault_1
D:13:     layout_irregular_city, david_vaults_1
Temple:   eino_wide_crystal_templ
Lair:1:   layout_gridlike, lemuel_fruit_tree
Lair:2:   layout_cave_pods, serial_rivers, chequers_serial_rivers_marsh,
          chequers_serial_rivers_room_a, chequers_serial_rivers_micro_e,
          chequers_serial_rivers_small_3, chequers_serial_rivers_large_b,
          hangedman_tree_tricks, serial_bayou_shore_a
Lair:3:   gammafunk_boulding_lane, layout_misc_corridors,
          minmay_shoals_entry_beasts, guppyfry_snake_entry_island
Lair:4:   layout_long_grid, gammafunk_ghost_ooze
Lair:5:   grunt_lair_end_beastmaster, layout_regular_city,
          dpeg_slime_entry_enclosed, grunt_megastairs_4
Shoals:1: layout_shoals
Shoals:2: layout_shoals, uniq_polyphemus, uniq_ilsuiw
Orc:1:    lemuel_ogre_cave, layout_caves, basic_altar, enter_volcano_1
Orc:2:    st_orc_rangers, layout_diamond_mine,
          einodemon_armed_red_devil_minivault

Skill      XL: |  1  2  3  4  5  6  7  8  9 10 11 12 13 14 15 |
---------------+----------------------------------------------+-----
Fighting       | 3 4 5 6 7 8 10 12 13 15 17 18 19 | 19.6
Dodging        | 3 4 |  4.9
Maces & Flails | 4 5 6 7 8 9 11 12 13 14 15 | 15.6
Throwing       | 3 4 5 6 7 8 9 |  9.3
Armour         | 2 4 5 6 |  6.8
Invocations    | 1 4 6 7 9 10 11 | 11.4
Translocations | 3 5 |  5.0
Spellcasting   | 4 5 |  5.0
Evocations     | 2 |  2.1

Action                     |  1- 3 |  4- 6 |  7- 9 | 10-12 | 13-15 || total
---------------------------+-------+-------+-------+-------+-------++-------
  Melee: Flail             |   113 |    68 |       |       |       ||   181
         Headbutt          |    15 |    29 |    72 |    85 |   156 ||   357
         Punch             |     2 |     1 |     7 |     1 |       ||    11
         Giant spiked club |       |    27 |       |       |   438 ||   465
         Morningstar       |       |   117 |    32 |       |       ||   149
         Hand axe          |       |       |   264 |    89 |       ||   353
         Whip              |       |       |    61 |     7 |       ||    68
         Dire flail        |       |       |       |   321 |   264 ||   585
  Throw: Throwing net      |       |     5 |     2 |     1 |     1 ||     9
         Dart              |       |    14 |     9 |    46 |    12 ||    81
         Large rock        |       |     3 |     2 |    11 |    16 ||    32
         Boomerang         |       |       |       |       |   179 ||   179
 Invoke: Grand Finale      |       |       |     1 |     1 |     1 ||     3
         Stomp             |       |       |       |    15 |     8 ||    23
         Line Pass         |       |       |       |     1 |     4 ||     5
  Evoke: Wand              |       |       |       |     8 |    12 ||    20
         Tin of tremorston |       |       |       |       |     2 ||     2
    Use: Scroll            |       |     2 |     3 |    23 |    14 ||    42
         Potion            |       |     1 |     2 |     4 |     5 ||    12
   Stab: Paralysed         |       |       |     4 |    23 |    53 ||    80
         Sleeping          |       |       |     1 |     2 |       ||     3
         Confused          |       |       |       |       |     1 ||     1
         Petrified         |       |       |       |       |     3 ||     3
         Petrifying        |       |       |       |       |     1 ||     1
 Armour: Robe              |    85 |   120 |   169 |    35 |       ||   409
         Steam dragon scal |       |       |       |   268 |   617 ||   885
  Dodge: Dodged            |    55 |   107 |   108 |   221 |   420 ||   911
  Block: Other             |    16 |    43 |    54 |    79 |   108 ||   300
         Reflection        |       |     1 |       |     5 |     5 ||    11

Table legend: (Time is in decaauts)
 A = Elapsed time spent in this place.
 B = Non-inter-level travel time spent in this place.
 C = Inter-level travel time spent in this place.
 D = Time resting spent in this place.
 E = Time spent auto-exploring this place.
 F = Levels seen in this place.
 G = Mean time per level.
                   A        B        C        D        E       F      G
               +--------+--------+--------+--------+--------+-----+--------+
         Total |  23127 |  22057 |   1070 |   1330 |  16368 |  25 |  925.1 |
       Dungeon |  10712 |  10217 |    495 |    102 |   8115 |  13 |  824.0 |
        Temple |     21 |     21 |      0 |      0 |      0 |   1 |   21.0 |
          Lair |   7835 |   7350 |    485 |    236 |   6049 |   5 | 1567.0 |
        Shoals |    904 |    901 |      3 |    123 |    578 |   2 |  452.0 |
  Orcish Mines |   2563 |   2478 |     85 |    366 |   1596 |   2 | 1281.5 |
       Ossuary |    571 |    571 |      0 |    228 |     30 |   1 |  571.0 |
       Volcano |    518 |    518 |      0 |    275 |      0 |   1 |  518.0 |
               +--------+--------+--------+--------+--------+-----+--------+

Top non-repeatable levels by time:
  Lair:2: 2154 daAuts
  Lair:5: 1757 daAuts
  Lair:4: 1524 daAuts
     D:4: 1478 daAuts
  Lair:1: 1458 daAuts
   Orc:2: 1399 daAuts
   Orc:1: 1164 daAuts
     D:9: 1008 daAuts
     D:5: 991 daAuts
     D:3: 977 daAuts
  Lair:3: 940 daAuts
    D:10: 896 daAuts
     D:7: 883 daAuts
Shoals:1: 856 daAuts
     D:1: 827 daAuts
